 Dungeon Crawl Stone Soup version 0.29-a0-1052-g6990b1bffc (webtiles) character file.

Game seed: 17333272471399923643

14 Zeldest the Sneak (level 2, -3/26 HPs)
             Began as a Ghoul Delver on Aug 18, 2022.
             Was an Initiate of Makhleb.
             Splashed by a jelly's acid (7 damage)
             ... on level 4 of the Dungeon.
             The game lasted 00:01:01 (120 turns).

Zeldest the Sneak (Ghoul Delver)                     Turns: 120, Time: 00:01:02

Health: -3/26      AC:  0    Str: 15    XL:     2   Next: 41%
Magic:  1/1        EV: 11    Int:  5    God:    Makhleb [......]
Gold:   0          SH:  0    Dex: 10    Spells: 1/1 levels left

rFire   . . .      SeeInvis .     - Unarmed
rCold   + . .      Faith    .   (no shield)
rNeg    + + +      Spirit   .   a - +0 leather armour
rPois   ∞          Reflect  .   (no helmet)
rElec   .          Harm     .   (no cloak)
rCorr   .          Rampage  .   (no gloves)
Will    .....                   (no boots)
Stlth   ++........              (no amulet)
HPRegen 0.00/turn               (no ring)
MPRegen 0.07/turn               (no ring)

@: corroded, inhibited regen, hasted, slow
A: claws 1, cold resistance 1, negative energy resistance 3, inhibited
regeneration, torment resistance 2, devour on kill
a: Renounce Religion


You were on level 4 of the Dungeon.
You worshipped Makhleb.
Makhleb was noncommittal.
You visited 2 branches of the dungeon, and saw 3 of its levels.

Inventory:

Armour
 a - a +0 leather armour (worn)
Wands
 f - a wand of digging (3)
Scrolls
 b - a scroll of fog
 c - a scroll of magic mapping
 d - a scroll of fear


   Skills:
 + Level 3.5 Fighting
 + Level 0.6 Armour
 - Level 1.7 Dodging
 - Level 5.4 Stealth
 * Level 2.8 Unarmed Combat


You had one spell level left.
You didn't know any spells.
Your spell library was empty.

Dungeon Overview and Level Annotations

Branches:
Dungeon (5/15)             Temple (1/1) D:4

Altars:
Ashenzari
Dithmenos
Fedhas
Gozag
Makhleb
Okawaru
Ru
Sif Muna
Trog
Uskayaw
Vehumet
Wu Jian

Portals:
Sewer: D:4

Annotations:
Temple 2 transporters


Innate Abilities, Weirdness & Mutations

You are immune to poison.
You have sharp fingernails.
Your flesh is cold resistant. (rC+)
You are immune to negative energy. (rN+++)
You do not regenerate when monsters are visible.
You are immune to unholy pain and torment.
You thrive by killing the living.


Message History

Found a glowing drain.
The adder hisses angrily.
The adder closely misses you.
You scratch the adder but do no damage. The adder bites you.
You scratch the adder.
The adder is heavily wounded.
The adder bites you.
You scratch the adder.
The adder is severely wounded.
The adder barely misses you.
You scratch the adder.
The adder is almost dead.
The adder bites you but does no damage.
You closely miss the adder.
The adder is almost dead.
Your unstable footing causes you to fumble your attack.
The adder bites you but does no damage.
You closely miss the adder.
The adder is almost dead.
The adder closely misses you.
You barely miss the adder.
The adder is almost dead.
The adder closely misses you.
You miss the adder.
The adder is almost dead.
Your unstable footing causes you to fumble your attack.
The adder bites you.
Your unstable footing causes you to fumble your attack.
The adder bites you.
* * * LOW HITPOINT WARNING * * *
You scratch the adder.
You kill the adder!
Makhleb accepts your kill.
You have reached level 2!
The jelly attacks as you move away! The jelly hits you but does no damage.
You see here an adder corpse.
The jelly hits you.
* * * LOW HITPOINT WARNING * * *
The acid corrodes you!
You are splashed with acid!
You die...

####..(.....###
#............#
##..J.........#
#.###.........#
#.#~#.J.......#
##.#∩#.........#
#..#~##........# .
#.J#~#..######## ...
#..#@#..#
.....##..#J#..#######
#.....#~#........#
#..##.#~#........#
#.....#~#........#
#................#
#....$.........###
....#............####
....#...............#


You could see a jelly.

Vanquished Creatures
  An adder (D:4)
  An orc (D:4)
  An endoplasm (D:4)
  A hobgoblin (D:4)
4 creatures vanquished.

Notes
Turn   | Place    | Note
-------+----------+-------------------------------------------
     0 | D:5      | Zeldest the Ghoul Delver began the quest for the Orb.
     0 | D:5      | Reached XP level 1. HP: 19/19 MP: 0/0
    28 | D:4      | Found a staircase to the Ecumenical Temple.
    39 | D:4      | Noticed a jelly
    42 | Temple   | Entered the Ecumenical Temple
    42 | Temple   | Found a transporter.
    42 | Temple   | Found a transporter.
    44 | Temple   | Found a transporter.
    44 | Temple   | Found a transporter.
    54 | Temple   | Became a worshipper of Makhleb the Destroyer
   104 | D:4      | Found a glowing drain.
   119 | D:4      | Reached XP level 2. HP: 7/26 MP: 1/1
   120 | D:4      | Splashed by a jelly's acid

Illustrated notes

Levels and vault maps discovered:
D:4:      layout_basic, kennysheep_mini_moat,
          nicolae_kikubaaqudgha_miasma_corner, minmay_temple_entry_overgrown,
          portal_sewer_entry_d, nicolae_concentric_dashed_squares_wild,
          nrook_loot_triangle, uniq_sigmund
D:5:      layout_loops_cross
Temple:   hellmonk_temple_divided_pantheon

Action                   || total
-------------------------++-------
Melee: Unarmed           ||    22
  Use: Potion            ||     1
Armor: Leather armour    ||     3
Dodge: Dodged            ||     6

Table legend: (Time is in decaauts)
 A = Elapsed time spent in this place.
 B = Non-inter-level travel time spent in this place.
 C = Inter-level travel time spent in this place.
 D = Time resting spent in this place.
 E = Time spent auto-exploring this place.
 F = Levels seen in this place.
 G = Mean time per level.
                   A        B        C        D        E       F      G
               +--------+--------+--------+--------+--------+-----+--------+
         Total |    111 |    111 |      0 |      0 |      0 |   3 |   37.0 |
       Dungeon |     82 |     82 |      0 |      0 |      0 |   2 |   41.0 |
        Temple |     28 |     28 |      0 |      0 |      0 |   1 |   28.0 |
               +--------+--------+--------+--------+--------+-----+--------+

Top non-repeatable levels by time:
     D:4: 80 daAuts
  Temple: 28 daAuts
     D:5: 2 daAuts
